Map: Simulacrum LE

Players

Tanin

  • Race: Terran Terran
  • Spawn Location: 5:00

JohnnyV - Winner!

  • Race: Terran Terran
  • Spawn Location: 11:00

VOD

Have the link to the VOD?

Description

Time

  • Played on: April 27, 2020, 9:19 a.m.
  • Length: 9:08
Show
View Real Time Build Order
Export as new Build Order

Tanin Terran 

Build Orders:  

Get SALT Encoding   

  12  0:01  SCV  
  13  0:14  SCV  
  13  0:19  Supply Depot  
  14  0:26  Refinery  
  14  0:28  SCV  
  15  0:44  Barracks  
  15  0:46  SCV  
  16  0:58  SCV  
  17  1:10  SCV  
  18  1:31  Orbital Command  
  18  1:35  Supply Depot  
  18  1:43  Barracks Tech Lab  
  18  1:46  Factory  
  18  2:02  Marauder  
  18  2:07  SCV  
  21  2:19  SCV  
  22  2:23  Barracks  
  22  2:33  Starport  
  22  2:40  Supply Depot  
  22  2:41  Supply Depot  
  22  2:42  Supply Depot  
  22  3:00  Command Center  
  22  3:02  Marauder  
  24  3:08  SCV  
  24  3:12  Refinery  
  25  3:20  SCV  
  26  3:31  Barracks Reactor  
  26  3:32  SCV, Stimpack  
  27  3:38  Marine  
  28  3:42  Starport Reactor  
  28  3:56  Marine  
  29  4:09  Marine x2  
  31  4:14  Marine  
  32  4:23  Supply Depot  
  32  4:27  Marine x2  
  34  4:32  Marauder  
  36  4:40  Factory Tech Lab  
  36  4:42  Medivac x2  
  36  4:44  Marine x2  
  42  4:46  Orbital Command  
  42  4:47  Engineering Bay  
  42  4:48  SCV  
  43  5:00  SCV  
  43  5:02  Marine x2  
  43  5:04  Marine  
  47  5:16  SCV  
  47  5:20  Marine  
  47  5:21  SCV, Marauder  
  52  5:22  Marine  
  53  5:28  SCV  
  53  5:33  SCV  
  50  5:38  Marine  
  50  5:40  Marine  
  51  6:03  SCV  
  52  6:05  SCV  
  52  6:09  Marine  
  52  6:10  Marine x2  
  56  6:14  Medivac  
  56  6:15  SCV  
  56  6:17  SCV, Medivac  
  62  6:27  SCV, Marine  
  62  6:28  Marine  
  62  6:29  SCV  
  66  6:34  Marauder  
  69  6:40  SCV  
  69  6:41  SCV  
  70  6:53  Supply Depot  
  70  6:55  Terran Infantry Weapons Level 1  
  70  6:59  Supply Depot  
  70  7:00  Supply Depot x2  
  70  7:08  SCV  
  70  7:09  SCV  
  70  7:10  Marine  
  70  7:11  Marine  
  70  7:15  Marauder  
  71  7:16  Supply Depot  
  66  7:28  Marine  
  33  8:10  Marine  
  33  8:11  Marine x2  
  35  8:13  Viking  
  35  8:28  Marine  
  35  8:29  Marine x2  
  35  8:30  Viking  
  35  8:46  Marine x2  
  35  8:47  Marine  
Show
View Real Time Build Order
Export as new Build Order

JohnnyV Terran - Winner!

Build Orders: Liberator Opening 

Get SALT Encoding   

  12  0:01  SCV  
  13  0:16  Supply Depot  
  13  0:18  SCV  
  14  0:38  SCV  
  14  0:40  Barracks  
  15  0:47  Refinery  
  15  0:50  SCV  
  16  1:03  SCV  
  17  1:15  SCV  
  18  1:27  SCV  
  18  1:29  Refinery, Marine  
  20  1:37  Bunker  
  21  1:43  Orbital Command  
  20  1:47  Marine  
  21  2:05  Marine  
  21  2:06  Factory  
  22  2:18  Supply Depot  
  22  2:19  SCV  
  23  2:40  SCV  
  23  2:42  Barracks Tech Lab  
  23  2:46  Command Center  
  23  2:53  Widow Mine  
  23  2:57  SCV  
  26  3:04  Starport  
  26  3:06  Marine  
  27  3:14  SCV  
  28  3:35  Siege Tank  
  28  3:36  Barracks Tech Lab  
  31  3:57  Supply Depot x2, Liberator  
  31  3:59  Marine  
  35  4:09  Refinery  
  35  4:10  Orbital Command  
  35  4:18  Fusion Core  
  35  4:28  Siege Tank  
  38  4:34  Bunker  
  38  4:40  SCV x2  
  40  4:57  Barracks Reactor  
  40  4:58  SCV x2  
  42  5:04  Siege Tank  
  45  5:29  SCV  
  45  5:35  Battlecruiser  
  49  5:53  Siege Tank  
  52  6:01  Marine x2  
  54  6:11  Engineering Bay  
  54  6:17  Weapon Refit  
  54  6:19  Engineering Bay  
  54  6:20  Marine x2  
  56  6:33  Siege Tank  
  59  6:40  Refinery  
  59  6:43  Missile Turret  
  59  7:23  Supply Depot x2  
  59  7:40  Marine x2  
  61  7:45  Battlecruiser  
  61  7:48  Supply Depot  
  67  7:51  Supply Depot  
  64  8:07  Marine x2  
  66  8:28  Marine x2  
  66  8:29  Siege Tank  
  66  8:33  SCV x2  
  73  8:45  SCV x2  
Tags
 
Matchup
TvT
Race
Terran
Spawn Locations
Cross Positions
Add a new tag
Caveats
  • Supply blocks, unpowered buildings, or Contaminate may cause inaccurate times.
  • Supply counts are checked every 10 seconds.